 Dungeon Crawl Stone Soup version 0.21-a0-329-g12f17e1 (webtiles) character file.

14158 namelastname112 the Unseen (level 11, -6/55 HPs)
             Began as a Felid Wanderer on Oct 1, 2017.
             Was an Elder of Cheibriados.
             Mangled by a komodo dragon (31 damage)
             ... on level 3 of the Lair of Beasts.
             The game lasted 00:28:58 (23804 turns).

namelastname112 the Unseen (Felid Wanderer)        Turns: 23804, Time: 00:28:58

Health: -6/55      AC:  3    Str: 19    XL:     11   Next: 85%
Magic:  17/17      EV: 33    Int: 31    God:    Cheibriados [****..]
Gold:   707        SH:  4    Dex: 28    Spells: 6/12 levels left
                                        Lives:  0   Deaths: 3

rFire    . . .     SeeInvis +     - Unarmed
rCold    + + .     Gourm    .   (shield unavailable)
rNeg     . . .     Faith    .   (armour unavailable)
rPois    .         Spirit   .   (helmet unavailable)
rElec    .         Reflect  +   (cloak unavailable)
rCorr    .         Harm     .   (gloves unavailable)
MR       ++...     Rnd*Rage +   (boots unavailable)
Stlth    ++++++++..             E - +4 amulet of reflection
HPRegen  0.18/turn              o - +5 ring of intelligence (curse)
MPRegen  0.15/turn              j - ring of protection from magic

@: studying 2 skills, very slow
A: no armour, no weapons or thrown items, stealth, claws 1, fangs 3, horns 1,
thin skeletal structure 1, see invisible, berserk 1, carnivore 3, cold
resistance 1, speed 1, shaggy fur 3, slow metabolism 1, evolution 1, sharp paws
a: Bend Time, Temporal Distortion, Slouch, Renounce Religion


You were on level 3 of the Lair of Beasts.
You worshipped Cheibriados.
Cheibriados was greatly pleased with you.
You were completely stuffed.

You visited 3 branches of the dungeon, and saw 16 of its levels.

You collected 876 gold pieces.
You spent 169 gold pieces at shops.

Inventory:

Jewellery
 j - a ring of protection from magic (right paw)
 o - a cursed +5 ring of intelligence (left paw)
 v - an uncursed ring of protection from fire
 E - a +4 amulet of reflection (around neck)
 F - an uncursed ring of protection from fire
 H - an uncursed amulet of faith {unknown}
Wands
 r - a wand of confusion (20/48)
 w - a wand of paralysis (1/24)
 y - a wand of lightning (6/15)
 M - a wand of confusion (23/48)
Scrolls
 a - 2 scrolls of blinking
 b - 4 scrolls of teleportation
 g - a scroll of enchant armour
 h - 5 scrolls of identify
 i - 7 scrolls of remove curse
 l - a scroll of amnesia
 n - 3 scrolls of magic mapping
 p - 3 scrolls of recharging
 D - a scroll of immolation {unknown}
Potions
 c - a potion of invisibility
 e - a potion of lignification
 k - 4 potions of cancellation
 m - a potion of berserk rage
 t - 2 potions of might
 u - a potion of haste
 x - 4 potions of curing
 B - 2 potions of brilliance
 C - 2 potions of flight
 K - a potion of magic {unknown}
 L - a potion of heal wounds
Books
 q - a book of Conjurations

   Spells                             Type                      Level
   a - Magic Dart                     Conjuration                  1
   b - Searing Ray                    Conjuration                  2
   c - Dazzling Spray                 Conjuration/Hexes            3
   d - Fulminant Prism                Conjuration/Hexes            4
   e - Force Lance                    Conjuration/Translocation    4
   f - Iskenderun's Mystic Blast      Conjuration                  4
 s - a book of Necromancy

   Spells                             Type                      Level
   a - Pain                           Necromancy                   1
   b - Animate Skeleton               Necromancy                   1
   c - Vampiric Draining              Necromancy                   3
   d - Regeneration                   Charms/Necromancy            3
   e - Animate Dead                   Necromancy                   4
   f - Control Undead                 Necromancy                   4
 z - a manual of Stealth
 A - a book of Frost

   Spells                             Type                      Level
   a - Freeze                         Ice                          1
   b - Throw Frost                    Conjuration/Ice              2
   c - Ozocubu's Armour               Charms/Ice                   3
   d - Throw Icicle                   Conjuration/Ice              4
   e - Summon Ice Beast               Ice/Summoning                4
 I - a book of Enchantments

   Spells                             Type                      Level
   a - Cause Fear                     Hexes                        4
   b - Yara's Violent Unravelling     Hexes/Transmutation          5
   c - Silence                        Hexes/Air                    5
   d - Deflect Missiles               Charms/Air                   6
   e - Discord                        Hexes                        8
 J - a manual of Invocations
Miscellaneous
 G - a lightning rod (4/4)
 N - a sack of spiders
Comestibles
 d - 7 meat rations
 f - 11 royal jellies


   Skills:
 + Level 10.6 Fighting
 + Level 12.7 Dodging
 + Level 16.9 Stealth
 + Level 11.4 Unarmed Combat
 + Level 1.0 Spellcasting
 + Level 0.9 Hexes
 + Level 1.5 Charms
 + Level 6.8 Invocations
 + Level 3.1 Evocations


You had 6 spell levels left.
You knew the following spells:

 Your Spells              Type           Power        Failure   Level  Hunger
c - Dazzling Spray        Conj/Hex       #.....       21%         3    ###....
d - Regeneration          Chrm/Necr      #.........   19%         3    ###....


Dungeon Overview and Level Annotations

Branches:
Dungeon (12/15)            Temple (1/1) D:4            Lair (3/6) D:8
 Shoals (0/4) Lair:2          Orc (0/2) D:12
  Snake: Lair:2-4    Spider: Lair:2-4

Altars:
Ashenzari
Cheibriados
Dithmenos
Elyvilon
Fedhas
Gozag
Hepliaklqana
Kikubaaqudgha
Makhleb
Nemelex Xobeh
Okawaru
Qazlal
Ru
Sif Muna
Trog
Uskayaw
Vehumet
Wu Jian
Xom
Yredelemnul
Zin
The Shining One

Shops:
D:11 !

Annotations:
D:5 tidbits's ghost, novice GnTm


Innate Abilities, Weirdness & Mutations

You cannot wear armour.
You are incapable of wielding weapons or throwing items.
Your paws allow you to move quietly. (Stealth)
You have sharp claws.
You have razor-sharp teeth.
You have supernaturally acute eyesight. (SInv)
You are carnivorous and can eat meat at any time.
You cover ground quickly.
Your thick and shaggy fur keeps you warm. (AC +3, rC+)
You have a slow metabolism.
Your sharp claws are effective at attacking unaware monsters.
You have a pair of small horns on your head.
You have a somewhat thin skeletal structure. (Dex +2, Stealth)
You tend to lose your temper in combat.
Your flesh is cold resistant. (rC+)
You evolve.


Message History

The komodo dragon completely misses you.
You scratch the komodo dragon but do no damage.
You bite the komodo dragon, but do no damage.
The komodo dragon is heavily wounded.
You scratch the komodo dragon but do no damage.
The komodo dragon is heavily wounded.
The komodo dragon completely misses you.
You scratch the komodo dragon but do no damage.
You bite the komodo dragon.
The komodo dragon is heavily wounded.
The komodo dragon bites you!!
Ouch! That really hurt!
You take 30 damage, and have 25/55 hp.
MASSIVE DAMAGE!!
You are too injured to fight recklessly!
You closely miss the komodo dragon. You headbutt the komodo dragon.
Your bite misses the komodo dragon.
The komodo dragon is severely wounded.
The komodo dragon bites you!!
Ouch! That really hurt!
You die...

#####.##...
.##.......#.##
..+.......P..#
#........>...# .
#..........## ...
#...........#....
##...............
...
#(.......@l#..
.....
##.......#P# .
#..#..
####...#### .
..... #..##
.##...##.. ##.###
##>........#
#...#
#P.........#
########P.P#
#..........#
##..........#
#..........#
...........#
##P.........+


You could see a komodo dragon.

Vanquished Creatures
  Josephine (D:11)
  2 hydras
  2 two-headed ogres
  2 ugly things
  2 cyclopes
  A manticore (Lair:2)
  A torpor snail (Lair:2)
  3 spiny frogs (Lair:1)
  Psyche (D:11)
  A centaur skeleton (D:12)
  A troll (D:10)
  A hornet (D:10)
  A polar bear (Lair:2)
  4 hippogriffs
  Sigmund (D:6)
  A wyvern (Lair:2)
  4 wraiths
  29 yaks
  Duvessa (D:5)
  5 porcupines
  6 water moccasins
  9 orc warriors
  4 sky beasts
  3 black bears
  4 phantoms
  2 ice beasts
  5 centaurs
  A hornet zombie (D:7)
  4 ogres
  3 wolves (Lair:2)
  5 crocodiles
  3 big kobolds
  14 bullfrogs
  Blork the orc (D:4)
  3 scorpions
  Dowan (D:5)
  14 killer bees
  7 wights
  2 howler monkeys
  2 bullfrog zombies
  A quasit (D:12)
  8 crimson imps
  14 orc priests
  25 orc wizards
  5 hounds
  An iron imp (D:9)
  Crazy Yiuf (D:6)
  2 bullfrog skeletons
  3 iguanas
  6 worker ants
  Natasha (D:3)
  A hound zombie (D:7)
  2 hound skeletons (D:6)
  Robin (D:4)
  4 gnolls (D:6)
  9 adders
  2 river rats (D:4)
  A shadow imp (D:9)
  2 adder zombies
  4 worms
  2 dart slugs
  9 leopard geckos
  56 orcs
  10 bats
  27 goblins
  15 hobgoblins
  11 jackals
  16 kobolds
  5 quokkas
  2 ball pythons
  A quokka zombie (D:8)
  6 rats
410 creatures vanquished.

Vanquished Creatures (others)
  A kobold (D:8)
  A fungus (Lair:2)
2 creatures vanquished.

Grand Total: 412 creatures vanquished

Notes
Turn   | Place    | Note
-------+----------+-------------------------------------------
     0 | D:1      | namelastname112 the Felid Wanderer began the quest for the Orb.
     0 | D:1      | namelastname112 set off with: 2 scrolls of blinking, a scroll of teleportation, a potion of curing, a meat ration
     0 | D:1      | Reached XP level 1. HP: 10/10 MP: 2/2
   351 | D:1      | Reached skill level 3 in Stealth
   355 | D:1      | Reached skill level 1 in Dodging
   355 | D:1      | Reached XP level 2. HP: 11/14 MP: 3/3
   819 | D:1      | Reached XP level 3. HP: 17/17 MP: 4/4
  1487 | D:2      | Found a burning altar of Makhleb.
  1553 | D:2      | Found a radiant altar of Vehumet.
  1558 | D:2      | Reached XP level 4. HP: 21/21 MP: 5/5
  1794 | D:2      | Found a shimmering altar of Xom.
  1895 | D:2      | Reached skill level 4 in Stealth
  2343 | D:3      | Found an ornate altar of the Wu Jian Council.
  2894 | D:3      | Noticed Natasha
  2906 | D:3      | Killed Natasha
  2906 | D:3      | Reached XP level 5. HP: 12/25 MP: 6/6
  3129 | D:4      | Noticed Blork the orc
  3141 | D:4      | Killed Blork the orc
  3245 | D:4      | Found a staircase to the Ecumenical Temple.
  3396 | Temple   | Entered the Ecumenical Temple
  3471 | D:4      | Noticed an ogre
  3535 | D:4      | Reached skill level 5 in Stealth
  3535 | D:4      | Gained mutation: You are covered in thick fur. (AC +2) [Felid growth]
  3535 | D:4      | Reached XP level 6. HP: 28/28 MP: 7/7
  3568 | D:4      | Noticed an ice beast
  3826 | D:4      | Killed an ice beast
  4333 | D:4      | Noticed Robin
  4635 | D:4      | Killed Robin
  4978 | D:4      | Reached skill level 6 in Stealth
  4978 | D:4      | Reached XP level 7. HP: 33/33 MP: 8/8
  5161 | D:5      | Entered Level 5 of the Dungeon
  5161 | D:5      | Noticed Duvessa
  5163 | D:5      | Noticed Dowan
  5164 | D:5      | Killed Dowan
  5191 | D:4      | Reached skill level 5 in Fighting
  5191 | D:4      | Reached skill level 5 in Dodging
  5506 | D:5      | You fall through a shaft for 3 floors!
  5506 | D:8      | Noticed a yak
  5506 | D:8      | Noticed a yak
  5506 | D:8      | Noticed a yak
  5506 | D:8      | Noticed a yak
  5530 | D:7      | Noticed a two-headed ogre
  5534 | D:7      | You fall through a shaft for 2 floors!
  5672 | D:8      | Noticed a two-headed ogre
  6312 | D:7      | Reached skill level 7 in Stealth
  6312 | D:7      | Reached XP level 8. HP: 37/37 MP: 9/9
  6708 | D:5      | Noticed tidbits's ghost (novice GnTm)
  7313 | D:5      | Killed Duvessa
  7519 | D:5      | Found a hazy altar of Hepliaklqana.
  7531 | D:5      | Reached skill level 8 in Stealth
  7713 | D:5      | Found a bloodstained altar of Trog.
  8333 | D:6      | HP: 2/58 [poisoned by a water moccasin]
  8342 | D:6      | HP: 1/39 [poisoned by a water moccasin]
  8728 | D:6      | Gained mutation: You evolve. [potion of mutation]
  8728 | D:6      | Gained mutation: You have a pair of small horns on your head. [potion of mutation]
  8831 | D:6      | Reached XP level 9. HP: 21/42 MP: 10/10
  9066 | D:6      | Found an opulent altar of Gozag.
  9067 | D:6      | Found a sparkling altar of Nemelex Xobeh.
  9119 | D:6      | Reached skill level 9 in Stealth
  9508 | D:6      | Noticed Sigmund
  9514 | D:6      | Killed Sigmund
  9567 | D:6      | Found a runed door.
 10076 | D:6      | Found a shimmering altar of Xom.
 10207 | D:6      | Noticed Crazy Yiuf
 10219 | D:6      | Killed Crazy Yiuf
 10960 | D:7      | Identified a scroll of acquirement
 11112 | D:7      | Killed a two-headed ogre
 11112 | D:7      | Reached skill level 10 in Stealth
 11230 | D:7      | Reached skill level 11 in Stealth
 11249 | D:7      | Slain by an orc priest
 11250 | D:7      | Reached XP level 8. HP: -1/40 MP: 9/9
 11288 | D:7      | Reached XP level 9. HP: 32/44 MP: 10/10
 11636 | D:7      | Found a deep blue altar of Sif Muna.
 12572 | D:8      | Reached skill level 12 in Stealth
 13241 | D:9      | Reached skill level 10 in Dodging
 13740 | D:8      | Killed from afar by an orc wizard
 13741 | D:8      | Reached XP level 8. HP: -11/41 MP: 9/9
 13759 | D:8      | Killed a two-headed ogre
 13759 | D:8      | Reached skill level 13 in Stealth
 13759 | D:8      | Reached XP level 9. HP: 9/45 MP: 10/10
 14612 | D:8      | Found a white marble altar of Elyvilon.
 14682 | D:8      | Found a basalt altar of Yredelemnul.
 14833 | D:8      | Found a staircase to the Lair.
 15640 | D:9      | Found a snail-covered altar of Cheibriados.
 15648 | D:9      | Reached XP level 10. HP: 49/49 MP: 11/11
 15651 | D:9      | Became a worshipper of Cheibriados the Contemplative
 15728 | D:10     | Entered Level 10 of the Dungeon
 15799 | D:10     | Reached skill level 10 in Unarmed Combat
 16102 | D:11     | Noticed Psyche
 16655 | D:10     | Reached skill level 14 in Stealth
 16745 | D:10     | Reached skill level 1 in Invocations
 16971 | D:10     | Gained mutation: Your flesh is cold resistant. (rC+) [evolution]
 17012 | D:10     | Reached * piety under Cheibriados
 17963 | D:11     | Found Hicifuts's Distillery.
 17972 | D:11     | Noticed a red ugly thing
 18382 | D:11     | Reached ** piety under Cheibriados
 18655 | D:11     | Killed a red ugly thing
 18821 | D:11     | Noticed a cyclops
 18822 | D:11     | Noticed Josephine
 18836 | D:11     | Killed Psyche
 18856 | D:11     | Bought a potion of heal wounds for 65 gold pieces
 18856 | D:11     | Bought a potion of curing for 39 gold pieces
 18856 | D:11     | Bought a potion of heal wounds for 65 gold pieces
 19003 | D:11     | Found a burning altar of Makhleb.
 19268 | D:11     | Killed Josephine
 19268 | D:11     | Reached XP level 11. HP: 53/53 MP: 12/14
 19277 | D:11     | Reached skill level 15 in Stealth
 19402 | D:12     | Found a staircase to the Orcish Mines.
 19485 | D:12     | Gained mutation: You have a somewhat thin skeletal structure. (Dex +2, Stealth) [evolution]
 19806 | D:12     | Noticed a green ugly thing
 19808 | D:12     | Noticed a brown ugly thing
 19830 | D:12     | Killed a purple ugly thing
 19830 | D:12     | Reached *** piety under Cheibriados
 19836 | D:12     | Slain by a white ugly thing
 19837 | D:12     | Reached XP level 10. HP: -4/76 MP: 13/13
 20004 | D:12     | Noticed a six-headed hydra
 20019 | D:12     | Killed a six-headed hydra
 20019 | D:12     | Reached skill level 10 in Fighting
 20295 | D:12     | Noticed a cyclops
 20335 | D:12     | Killed a cyclops
 20974 | D:8      | Gained mutation: You tend to lose your temper in combat. [evolution]
 20985 | Lair:1   | Entered Level 1 of the Lair of Beasts
 21093 | Lair:1   | Noticed a spiny frog
 21107 | Lair:1   | Killed a spiny frog
 21339 | Lair:1   | Noticed a six-headed hydra
 21344 | Lair:1   | Killed a six-headed hydra
 21344 | Lair:1   | Reached skill level 16 in Stealth
 21344 | Lair:1   | Reached skill level 5 in Invocations
 21406 | Lair:1   | Reached XP level 11. HP: 54/54 MP: 15/15
 21872 | Lair:1   | Reached **** piety under Cheibriados
 22062 | Lair:2   | Found a staircase to the Shoals.
 22074 | Lair:2   | Reached skill level 1 in Evocations
 22803 | Lair:2   | Learned a level 3 spell: Regeneration
 22989 | Lair:2   | Reached skill level 1 in Charms
 23304 | Lair:2   | Learned a level 3 spell: Dazzling Spray
 23331 | Lair:2   | Reached skill level 1 in Spellcasting
 23377 | Lair:2   | Gained mutation: Your thick and shaggy fur keeps you warm. (AC +3, rC+) [evolution]
 23804 | Lair:3   | Mangled by a komodo dragon

Vault maps used:
D:1:      minmay_arrival_loop
D:2:      cheibrodos_greedy_goblins, lemuel_doored_altar,
          lemuel_coloured_pillars_altar, xom_teletrap_fun
D:3:      overflow_temple_1_default, minmay_misc_feat_diagonals, uniq_natasha
D:4:      temple_green, gup_sewer_entry_spiral, minmay_crystal_room,
          minmay_liquid_box, uniq_robin, uniq_blork_the_orc
D:5:      lemuel_crystal_altar, first_bread, trog_book, uniq_duvessa
D:6:      grunt_temple_overflow_opulence, old_standard_altar,
          uniq_crazy_yiuf_cottage, uniq_sigmund
D:7:      kennysheep_orc_sif_temple, grunt_ogre_cave
D:8:      minmay_flawed_box, kennysheep_ying_yang,
          grunt_lair_entry_orc_guard_hut
D:9:      slow_altar_2, glass_columns_a, nicolae_underground_beach
D:11:     serial_shops, nicolae_shop_crystal, bloody_makhleb, uniq_psyche,
          uniq_josephine
D:12:     david_orc_2
Temple:   nicolae_temple_x_marks_the_god
Lair:2:   minmay_shoals_entry_beasts, infiniplex_staircase_pool_2,
          grunt_megastairs_5
Lair:3:   uniq_sonja

Skill      XL: |  1  2  3  4  5  6  7  8  9 10 11 |
---------------+----------------------------------+-----
Stealth        | 3 4 5 6 7 13 12 16 15 | 16.9
Dodging        | 1 2 3 4 5 7 10 12 | 12.7
Fighting       | 4 5 6 9 10 | 10.6
Unarmed Combat | 6 7 9 10 11 | 11.4
Invocations    | 5 6 |  6.8
Evocations     | 3 |  3.1
Charms         | 1 |  1.5
Spellcasting   | 1 |  1.0
Hexes          | |  0.9

Action                   |  1- 3 |  4- 6 |  7- 9 | 10-12 || total
-------------------------+-------+-------+-------+-------++-------
Melee: Unarmed           |   117 |   161 |   672 |   506 ||  1456
       Bite              |     2 |    17 |    50 |    59 ||   128
       Punch             |     1 |     1 |    27 |    29 ||    58
       Headbutt          |       |       |    79 |    91 ||   170
Invok: Temporal Distorti |       |       |       |     1 ||     1
Evoke: Wand              |       |       |    21 |    12 ||    33
  Use: Potion            |     1 |     2 |     7 |     5 ||    15
       Scroll            |       |       |    24 |     2 ||    26
 Stab: Sleeping          |     9 |     9 |    29 |    26 ||    73
       Distracted        |       |     1 |     9 |     3 ||    13
       Confused          |       |       |     3 |     3 ||     6
       Paralysed         |       |       |     1 |     1 ||     2
  Eat: Chunk             |     8 |     5 |    33 |    20 ||    66
Armor: Skin              |     8 |    11 |    23 |    64 ||   106
Dodge: Dodged            |   109 |   121 |   572 |   474 ||  1276
Block: Other             |       |       |       |    66 ||    66
       Reflection        |       |       |       |     1 ||     1

Table legend:
 A = Spawn XP
 B = Non-spawn XP
 C = Spawn XP percentage of total XP
 D = Spawn monster count
 E = Non-spawn monster count
 F = Spawn count percentage of total count
 G = Total turns spent on level
                    A         B        C        D         E        F      G
               +---------+---------+-------+---------+---------+-------+---------
         Total |       0 |   32369 |   0.0 |       0 |     411 |   0.0 | 23804
               +---------+---------+-------+---------+---------+-------+---------
           D:1 |       0 |      45 |   0.0 |       0 |      25 |   0.0 |  1014
           D:2 |       0 |      91 |   0.0 |       0 |      34 |   0.0 |  1188
           D:3 |       0 |      69 |   0.0 |       0 |      12 |   0.0 |  1180
           D:4 |       0 |     762 |   0.0 |       0 |      29 |   0.0 |  2471
           D:5 |       0 |     663 |   0.0 |       0 |      20 |   0.0 |  1373
           D:6 |       0 |    1747 |   0.0 |       0 |      39 |   0.0 |  2074
           D:7 |       0 |    2831 |   0.0 |       0 |      42 |   0.0 |  2865
           D:8 |       0 |    3493 |   0.0 |       0 |      43 |   0.0 |  1859
           D:9 |       0 |    1154 |   0.0 |       0 |      16 |   0.0 |  1722
          D:10 |       0 |    2575 |   0.0 |       0 |      27 |   0.0 |  2310
          D:11 |       0 |    4220 |   0.0 |       0 |      33 |   0.0 |  1427
          D:12 |       0 |    3894 |   0.0 |       0 |      39 |   0.0 |  1468
        Lair:1 |       0 |    4586 |   0.0 |       0 |      19 |   0.0 |  1023
        Lair:2 |       0 |    5872 |   0.0 |       0 |      31 |   0.0 |  1685
        Lair:3 |       0 |     367 |   0.0 |       0 |       2 |   0.0 |   111
               +---------+---------+-------+---------+---------+-------+---------
